 Dungeon Crawl Stone Soup version 0.24-a0-583-g87330a484a (webtiles) character file.

Game seed: 12551450990767096657, levelgen mode: classic

452 Grimm the Grasshopper (level 6, 52/52 HPs)
             Began as a Centaur Warper on Aug 23, 2019.
             Was an Initiate of Sif Muna.
             Quit the game on level 4 of the Dungeon on Aug 31, 2019.
             The game lasted 00:30:35 (5696 turns).

Grimm the Grasshopper (Centaur Warper)              Turns: 5696, Time: 00:30:36

Health: 52/52      AC:  7    Str: 14    XL:     6   Next: 75%
Magic:  8/8        EV:  8    Int: 12    God:    Sif Muna [......]
Gold:   137        SH:  0    Dex: 10    Spells: 6/8 levels left

rFire    . . .     SeeInvis .   w - +0 trident
rCold    . . .     Gourm    .   (no shield)
rNeg     . . .     Faith    .   i - +1 ring mail
rPois    .         Spirit   .   (no helmet)
rElec    .         Reflect  .   j - +0 cloak
rCorr    .         Harm     .   (no gloves)
MR       .....                  (no barding)
Stlth    ..........             (no amulet)
HPRegen  0.17/turn              (no ring)
MPRegen  0.11/turn              (no ring)

@: very quick
A: large, hooves 3, deformed body, speed 2, tough skin 3
a: Renounce Religion


You were on level 4 of the Dungeon.
You worshipped Sif Muna.
Sif Muna was noncommittal.
You were not hungry.

You visited 1 branch of the dungeon, and saw 4 of its levels.

You collected 137 gold pieces.

Inventory:

Hand Weapons
 a - a +0 spear
 o - a +1 dagger of speed
 w - a +0 trident (weapon)
Missiles
 e - 3 boomerangs of dispersal
 g - 163 stones (quivered)
Armour
 b - a +0 leather armour
 i - a +1 ring mail (worn)
 j - a +0 cloak (worn)
Wands
 y - a wand of polymorph (11)
Scrolls
 d - a scroll of blinking
 k - 3 scrolls of remove curse
 l - a scroll of enchant armour
 r - 2 scrolls of teleportation
 x - a scroll of amnesia {unknown}
Potions
 c - 3 potions of curing
 h - a potion of might
 m - a potion of ambrosia
 n - 2 potions of lignification
 p - a potion of flight
 q - a potion of brilliance {unknown}
 s - a potion of degeneration {unknown}
 t - a potion of resistance {unknown}
 u - a potion of cancellation {unknown}
Comestibles
 f - 6 rations
 v - 2 chunks of flesh


   Skills:
 + Level 4.3 Fighting
 + Level 3.9 Polearms
 - Level 1.1 Throwing
 - Level 0.6 Armour
 - Level 1.3 Dodging
 - Level 1.5 Spellcasting
 - Level 4.9 Translocations


You had 6 spell levels left.
You knew the following spells:

 Your Spells              Type           Power        Failure   Level  Hunger
a - Blink                 Tloc           N/A          12%         2    ###....

Your spell library contained the following spells:

 Spells                   Type           Power        Failure   Level  Hunger
 Gell's Gravitas          Tloc           ##........   24%         3    ####...
 Lesser Beckoning         Tloc           ##........   24%         3    ####...
 Teleport Other           Tloc           ##......     24%         3    ####...
 Shroud of Golubria       Chrm/Tloc      #.....       32%         2    ###....
 Passage of Golubria      Tloc           N/A          61%         4    #####..


Dungeon Overview and Level Annotations

Branches:
Dungeon (4/15)
 Temple: D:4-7

Altars:
Dithmenos
Fedhas
Ru
Sif Muna
Yredelemnul


Innate Abilities, Weirdness & Mutations

You have hooves in place of feet.
Armour fits poorly on your strangely shaped body.
You cover ground very quickly.
You have extremely tough skin. (AC +3)


Message History

You hit the scorpion. Your kick misses the scorpion.
The scorpion is moderately wounded.
The scorpion stings you but does no damage.
You puncture the scorpion! Your kick misses the scorpion.
The scorpion is severely wounded.
The scorpion stings you but does no damage.
The scorpion barely misses you.
You puncture the scorpion!
You kill the scorpion!
Sif Muna accepts your kill.
Unknown command.
Saving game... please wait.
Welcome back, Grimm the Centaur Warper.
Sif Muna whispers: I know many secrets...
Press ? for a list of commands and other information.
Saving game... please wait.
Welcome back, Grimm the Centaur Warper.
Sif Muna whispers: I know many secrets...
Press ? for a list of commands and other information.
Are you sure you want to abandon this character and quit the game? (Confirm with "yes".)

#.....# ... #.....#
...(... ... #.....+
....... ... +.....#
.......######### #.....#
.......#........ #.....#
..... #........ #.....#
(.. #........
#.....##†####+###.......
######.@........#.......
#..........'.......
#..........########
#...........÷......
#..................
###.........)........
#.......#####[.......
#.......# #........
#.......# #........


There were no monsters in sight!

Vanquished Creatures
  A scorpion (D:4)
  A howler monkey (D:4)
  A hound (D:4)
  An orc priest (D:4)
  An orc wizard (D:2)
  An iguana (D:4)
  3 worker ants (D:4)
  9 adders
  5 worms
  2 dart slugs (D:1)
  7 leopard geckos (D:1)
  6 orcs
  7 giant cockroaches
  10 hobgoblins
  4 jackals (D:4)
  7 kobolds
  A ball python (D:3)
  5 bats
  3 frilled lizards
  2 goblins
  3 rats (D:1)
80 creatures vanquished.

Notes
Turn   | Place    | Note
-------+----------+-------------------------------------------
     0 | D:1      | Grimm the Centaur Warper began the quest for the Orb.
     0 | D:1      | Reached XP level 1. HP: 17/17 MP: 3/3
   422 | D:1      | Reached XP level 2. HP: 24/25 MP: 4/4
   427 | D:1      | Learned a level 2 spell: Blink
  1004 | D:1      | Reached XP level 3. HP: 28/30 MP: 5/5
  1844 | D:2      | Reached XP level 4. HP: 19/37 MP: 6/6
  3007 | D:3      | Reached XP level 5. HP: 23/42 MP: 7/7
  3238 | D:3      | Found a shimmering blue altar of Sif Muna.
  3246 | D:3      | Became a worshipper of Sif Muna the Loreminder
  3532 | D:3      | Found a shadowy altar of Dithmenos.
  4437 | D:4      | Reached XP level 6. HP: 35/51 MP: 8/8
  4773 | D:4      | Found a basalt altar of Yredelemnul.
  4773 | D:4      | Found a sacrificial altar of Ru.
  4880 | D:4      | Found a blossoming altar of Fedhas.
  5669 | D:4      | Upgraded the game from 0.24-a0-581-gc0fa6600bf to
                  | 0.24-a0-583-g87330a484a
  5696 | D:4      | Quit the game

Levels and vault maps discovered:
D:1:      dpeg_arrival_prison, layout_basic, st_stairs_1, glass_columns_b
D:2:      layout_rooms
D:3:      layout_loops_ring, lemuel_round_altar,
          nicolae_dithmenos_through_a_glass_darkly, first_ration
D:4:      layout_gridville, chequers_temple_overflow_statue_of_worship

Skill      XL: |  1  2  3  4  5  6 |
---------------+-------------------+-----
Polearms       | 2 3 |  3.9
Translocations | 3 4 |  4.9
Fighting       | 3 4 |  4.3
Throwing       | |  1.1
Armour         | |  0.6
Dodging        | |  1.3
Spellcasting   | |  1.5

Action                   |  1- 3 |  4- 6 || total
-------------------------+-------+-------++-------
Melee: Spear             |   153 |   232 ||   385
       Kick              |    23 |    37 ||    60
       Trident           |       |    12 ||    12
Throw: Boomerang         |     2 |       ||     2
       Stone             |       |    60 ||    60
 Cast: Blink             |       |     1 ||     1
  Use: Scroll            |       |    10 ||    10
  Eat: Chunk             |     2 |     8 ||    10
       Ration            |       |     1 ||     1
Armor: Leather armour    |     2 |       ||     2
       Ring mail         |    35 |    75 ||   110
Dodge: Dodged            |    42 |    69 ||   111

Table legend:
 A = Non-vault XP
 B = Vault XP
 C = Vault XP percentage of total XP
 D = Non-vault monster count
 E = Vault monster count
 F = Vault count percentage of total count
                 A         B        C        D         E       F
            +---------+---------+-------+---------+---------+-------
      Total |     633 |      14 |   2.2 |      75 |       5 |   6.2
            +---------+---------+-------+---------+---------+-------
        D:1 |      48 |      14 |  22.6 |      25 |       5 |  16.7
        D:2 |     118 |       0 |   0.0 |      16 |       0 |   0.0
        D:3 |      65 |       0 |   0.0 |      13 |       0 |   0.0
        D:4 |     402 |       0 |   0.0 |      21 |       0 |   0.0
            +---------+---------+-------+---------+---------+-------
